Map: World of Sleepers LE

Players

PiG - Winner!

  • Race: Terran Terran
  • League: Grandmaster
  • Spawn Location: 7:00

PhyNix

  • Race: Terran Terran
  • League: Master
  • Spawn Location: 1:00

VOD

Have the link to the VOD?

Description

Time

  • Played on: Sept. 24, 2019, 4:58 p.m.
  • Length: 12:53
Show
View Real Time Build Order
Export as new Build Order

PiG Terran - Winner!

Build Orders: Reaper Expand 

Get SALT Encoding   

  12  0:00  SCV  
  13  0:13  SCV  
  14  0:17  Supply Depot  
  14  0:25  SCV  
  15  0:39  SCV  
  15  0:41  Barracks  
  16  0:47  Refinery  
  16  0:51  SCV  
  17  1:03  SCV  
  18  1:15  SCV  
  19  1:27  Orbital Command  
  19  1:31  Reaper  
  20  1:41  Command Center  
  20  1:53  Supply Depot  
  20  1:55  SCV  
  21  2:03  Marine  
  22  2:09  Bunker  
  22  2:11  SCV  
  23  2:19  Factory  
  23  2:23  SCV  
  23  2:25  Barracks Reactor  
  23  2:29  Refinery  
  24  2:36  SCV  
  25  2:50  SCV  
  26  2:54  Orbital Command  
  26  3:02  Marine x2  
  26  3:03  SCV  
  26  3:05  Factory Tech Lab  
  29  3:06  Starport  
  29  3:17  SCV  
  29  3:19  Marine x2  
  30  3:22  SCV  
  33  3:28  Cyclone  
  33  3:29  SCV  
  37  3:34  SCV  
  37  3:35  Supply Depot  
  37  3:37  Marine x2  
  37  3:41  SCV  
  41  3:48  Medivac  
  41  3:51  SCV  
  41  3:53  SCV  
  45  4:05  SCV x2  
  45  4:06  Marine  
  45  4:08  Command Center  
  48  4:14  Factory Tech Lab  
  48  4:17  SCV x2  
  48  4:23  Marine  
  51  4:29  SCV x2, Refinery  
  51  4:30  Refinery  
  53  4:34  Supply Depot  
  53  4:41  SCV  
  53  4:43  Supply Depot  
  54  4:56  Siege Tank, SCV x2, Raven  
  61  5:07  Engineering Bay x2  
  61  5:08  SCV x2  
  63  5:18  Marine x2  
  63  5:20  SCV x2, Orbital Command  
  67  5:30  Barracks x2  
  67  5:31  Siege Tank  
  67  5:32  Barracks, SCV x2  
  67  5:33  Barracks  
  72  5:44  SCV x2  
  72  5:47  Orbital Command  
  72  5:48  Terran Infantry Armor Level 1, Terran Infantry Weapons Level 1  
  74  5:52  Supply Depot  
  74  5:53  Viking  
  74  5:54  Viking  
  74  5:56  SCV x2, Stimpack  
  80  6:08  SCV  
  81  6:12  SCV  
  81  6:17  Siege Tank  
  86  6:21  Supply Depot  
  86  6:23  Viking  
  86  6:24  Barracks Reactor x3, Viking  
  89  6:26  Barracks Reactor  
  89  6:30  SCV x2  
  89  6:31  SCV, Refinery  
  89  6:32  Refinery  
  92  6:36  Supply Depot x2  
  91  6:42  SCV  
  92  6:50  SCV x2  
  95  6:54  SCV  
  95  6:59  Supply Depot  
  95  7:00  Supply Depot  
  95  7:02  Viking x2  
  95  7:05  Marine x3  
  95  7:06  Marine x5  
  95  7:08  Marine  
  107  7:09  Armory  
  107  7:12  Barracks  
  107  7:14  SCV x3, Barracks  
  111  7:21  Siege Tank  
  111  7:22  Marine  
  114  7:26  SCV x2, Supply Depot  
  114  7:27  Factory, Supply Depot  
  115  7:31  Marine x3  
  115  7:32  Marine  
  115  7:36  Viking  
  115  7:37  Viking  
  123  7:38  SCV  
  124  7:44  SCV x2  
  124  7:50  SCV, Supply Depot  
  127  7:53  Marine, Siege Tank  
  127  7:56  Supply Depot, Terran Infantry Weapons Level 2  
  127  7:57  Terran Infantry Armor Level 2  
  131  7:58  Terran Vehicle Weapons Level 1  
  131  7:59  SCV x2  
  131  8:05  Missile Turret x2  
  133  8:09  SCV, Missile Turret  
  134  8:14  Marine  
  134  8:15  Marine x7  
  134  8:16  Barracks Reactor  
  134  8:17  Factory Tech Lab, Barracks Reactor  
  134  8:19  Marine  
  142  8:31  Siege Tank, Medivac  
  142  8:32  Marine  
  142  8:33  Marine x2  
  150  8:35  Command Center  
  150  8:39  Marine x6  
  154  8:50  Marine  
  126  8:57  Marine x2  
  126  8:58  Medivac  
  126  9:01  Viking  
  132  9:03  Siege Tank  
  132  9:04  Combat Shield  
  133  9:27  Marine x2  
  133  9:28  Marine, Viking  
  138  9:35  Marine, Siege Tank  
  138  9:36  Marine x5  
  146  9:52  Viking  
  148  9:54  SCV x2, Planetary Fortress  
  148  9:58  Marine x3, Medivac  
  148  9:59  Marine, Command Center  
  156  10:01  Command Center  
  156  10:02  Command Center  
  155  10:07  Siege Tank  
  158  10:16  SCV  
  158  10:20  Marine  
  158  10:21  Marine x8  
  167  10:22  Medivac  
  167  10:24  Terran Vehicle Weapons Level 2  
  167  10:25  Unknown  
  170  10:30  Command Center  
  170  10:37  Marine x2  
  170  10:38  Marine  
  170  10:39  Siege Tank  
  170  11:00  Marine  
  167  11:11  Liberator, Siege Tank  
  167  11:12  Marine x4  
  167  11:13  Medivac, Marauder  
  178  11:26  Marine x2  
  178  11:27  Marine  
  178  11:29  SCV  
  174  11:43  Siege Tank  
  172  11:48  Marine x2  
  159  12:10  Marine x3  
  159  12:12  Marine x2  
  159  12:14  Marine  
  160  12:15  Siege Tank  
  160  12:19  Orbital Command x3  
  160  12:21  Marine x5  
  159  12:26  Refinery  
  157  12:30  Refinery  
Show
View Real Time Build Order
Export as new Build Order

PhyNix Terran 

Build Orders: 1/1/1 

Get SALT Encoding   

  12  0:00  SCV  
  13  0:12  SCV  
  14  0:17  Supply Depot  
  14  0:24  SCV  
  14  0:28  Refinery  
  15  0:39  SCV  
  16  0:44  Barracks  
  16  0:51  SCV  
  16  0:54  Refinery  
  17  1:03  SCV  
  18  1:15  SCV  
  19  1:31  Orbital Command  
  19  1:32  Reaper  
  20  1:36  Factory  
  20  1:50  Supply Depot  
  20  1:57  SCV  
  21  2:04  Reaper  
  22  2:09  SCV  
  23  2:21  SCV  
  24  2:24  Starport, Hellion  
  26  2:33  SCV, Supply Depot  
  26  2:36  Reaper  
  28  2:45  Hellion  
  28  2:48  SCV  
  31  3:02  Starport Tech Lab  
  31  3:06  Hellion  
  31  3:08  Reaper  
  34  3:14  Command Center  
  34  3:22  Raven  
  36  3:28  Factory Tech Lab  
  36  3:32  Supply Depot  
  36  3:48  Cyclone  
  39  4:04  Barracks Reactor  
  39  4:11  Raven  
  40  4:17  SCV  
  41  4:32  Refinery  
  41  4:33  Orbital Command, Refinery  
  41  4:34  SCV  
  41  4:37  Siege Tank  
  45  4:40  Marine x2  
  47  4:46  SCV  
  48  5:01  SCV x2  
  50  5:13  SCV x2  
  52  5:19  Viking x2  
  52  5:20  Siege Tank  
  59  5:25  SCV x2  
  59  5:26  Command Center  
  61  5:37  SCV  
  62  5:46  Supply Depot  
  62  5:48  Supply Depot  
  62  6:05  Factory, Supply Depot  
  62  6:07  SCV x2  
  62  6:08  Siege Tank, Viking x2  
  69  6:17  Supply Depot  
  69  6:19  SCV x2  
  71  6:31  SCV x2  
  73  6:38  Viking x2  
  77  6:40  Siege Tank  
  77  6:43  SCV x2, Orbital Command  
  82  6:50  Supply Depot  
  82  6:53  Siege Tank  
  85  6:56  SCV x2  
  87  7:02  Supply Depot  
  87  7:08  SCV x2  
  89  7:11  Viking x2  
  89  7:14  Siege Tank  
  97  7:22  SCV  
  97  7:23  SCV  
  97  7:26  Liberator x2  
  98  7:39  SCV  
  98  7:40  SCV  
  106  7:47  Siege Tank x2, Supply Depot  
  106  7:48  Supply Depot  
  109  7:59  Orbital Command  
  109  8:01  Factory  
  109  8:05  SCV x2  
  111  8:13  Factory  
  111  8:15  Supply Depot, Engineering Bay  
  111  8:17  Unknown, Supply Depot  
  111  8:29  Viking x2  
  115  8:43  Siege Tank  
  115  8:44  Siege Tank  
  88  8:59  Factory Tech Lab x2  
  88  9:00  SCV x3  
  78  9:07  Viking x2  
  82  9:12  SCV x2  
  82  9:15  Siege Tank  
  88  9:23  Supply Depot  
  86  9:24  SCV x2  
  84  9:31  Siege Tank x2  
  84  9:32  Siege Tank  
  93  9:39  Orbital Command  
  93  9:41  SCV x2  
  93  9:44  Supply Depot  
  94  9:46  Refinery  
  94  9:47  Viking  
  94  9:48  Viking  
  94  9:49  Missile Turret  
  94  9:50  Refinery  
  94  9:52  Missile Turret  
  98  10:02  Siege Tank  
  98  10:07  SCV x3  
  104  10:19  SCV x3  
  107  10:22  Siege Tank x2  
  107  10:28  Command Center  
  113  10:30  Siege Tank  
  113  10:31  SCV x2  
  113  10:32  SCV  
  119  10:37  Siege Tank  
  81  11:20  Factory x2  
  81  11:21  Viking x2  
  82  11:35  SCV x2  
  82  11:37  Command Center  
  84  11:47  SCV x2, Factory Reactor  
  84  11:51  Siege Tank  
  86  12:06  Factory Tech Lab  
Tags
 
Add a new tag
Caveats
  • Supply blocks, unpowered buildings, or Contaminate may cause inaccurate times.
  • Supply counts are checked every 10 seconds.